 Dungeon Crawl Stone Soup version 0.26-a0-966-gd078a86f14 (webtiles) character file.

Game seed: 14555215682191437455

47606 jiml777 the Thaumaturge (level 14, -12/68 HPs)
             Began as a Deep Elf Air Elementalist on Dec 2, 2020.
             Was an Elder of Sif Muna.
             Mangled by a hell beast (15 damage)
             ... on level 6 of the Lair of Beasts on Dec 3, 2020.
             The game lasted 02:54:06 (24789 turns).

jiml777 the Thaumaturge (DEAE)                     Turns: 24789, Time: 02:54:06

Health: -12/68     AC: 14    Str:  7    XL:     14   Next: 9%
Magic:  24/34      EV: 11    Int: 30    God:    Sif Muna [****..]
Gold:   744        SH:  6    Dex: 12    Spells: 20/41 levels left

rFire    + . .     SeeInvis +   i - +2 hand axe of Torakhen {venom, +Rage rElec Dex-3 Stlth+}
rCold    + + .     Faith    +   N - +0 buckler
rNeg     . . .     Spirit   .   Q - +1 ring mail of an ossuary {rC+ Regen+ SInv}
rPois    +         Reflect  .   n - +1 helmet
rElec    +         Harm     .   O - scarf {rC+ rF+}
rCorr    .         Rampage  .   e - +1 pair of gloves
MR       +....                  G - +0 pair of boots
Stlth    +++.......             v - amulet of faith
HPRegen  0.61/turn              D - ring of poison resistance
MPRegen  0.24/turn              c - ring of wizardry

@: sluggish, very slow
A: claws 1, clever 2, strong 1, evolution 2, MP-powered wands
a: Channel Magic, Forget Spell, Divine Exegesis, Renounce Religion, Evoke
Berserk Rage


You were on level 6 of the Lair of Beasts.
You worshipped Sif Muna.
Sif Muna was greatly pleased with you.
You visited 3 branches of the dungeon, and saw 17 of its levels.

You collected 1223 gold pieces.
You spent 479 gold pieces at shops.

Inventory:

Hand Weapons
 i - the +2 hand axe of Torakhen (weapon) {venom, +Rage rElec Dex-3 Stlth+}
   (You found it on level 5 of the Dungeon)

   It poisons the flesh of those it strikes.
   It affects your dexterity (-3).
   It insulates you from electricity.
   It lets you go berserk.
   It makes you more stealthy.
 k - a +4 dagger of speed
 X - a +3 scimitar of flaming
Missiles
 j - 351 arrows
 l - 4 boomerangs of dispersal
 r - 39 poisoned darts
Armour
 e - a +1 pair of gloves (worn)
 n - a +1 helmet (worn)
 t - the +1 ring mail of the Barber Surgeon {rPois Str+3 Int+3}
   (You found it on level 5 of the Dungeon)

   It affects your strength (+3).
   It affects your intelligence (+3).
   It protects you from poison.
 y - a +0 cloak of preservation
 G - a +0 pair of boots (worn)
 N - a +0 buckler (worn)
 O - a scarf of resistance (worn)
 Q - the +1 ring mail of an ossuary (worn) {rC+ Regen+ SInv}
   (You found it on level 10 of the Dungeon)

   It protects you from cold.
   It lets you see invisible.
   It increases your rate of regeneration.
Jewellery
 c - a ring of wizardry (right hand)
 v - an amulet of faith (around neck)
 D - a ring of poison resistance (left hand)
Wands
 h - a wand of enslavement (7)
 q - a wand of flame (34)
 A - a wand of polymorph (7)
 C - a wand of disintegration (11)
 I - a wand of digging (14)
Scrolls
 m - a scroll of summoning
 o - 9 scrolls of teleportation
 u - 3 scrolls of amnesia
 w - 2 scrolls of magic mapping
 z - a scroll of silence
 L - 8 scrolls of identify
 P - 3 scrolls of enchant weapon
 W - 4 scrolls of remove curse
Potions
 a - a potion of haste
 b - 2 potions of resistance
 f - 5 potions of mutation
 g - 6 potions of brilliance
 p - 5 potions of curing
 s - a potion of cancellation
 x - 5 potions of flight
 F - 4 potions of might
Miscellaneous
 d - a lightning rod (4/4)
 S - a condenser vane


   Skills:
 - Level 0.1 Fighting
 - Level 0.1 Short Blades
 - Level 9.2 Armour
 - Level 3.0 Dodging
 - Level 3.4 Stealth
 - Level 8.0 Shields
 + Level 14.4 Spellcasting
 * Level 8.8 Conjurations
 + Level 11.4 Air Magic
 * Level 7.5 Invocations
 * Level 7.7 Evocations


You had 20 spell levels left.
You knew the following spells:

 Your Spells              Type           Power        Failure   Level
a - Shock                 Conj/Air       ####         1%          1
b - Swiftness             Air            ######..     1%          2
c - Static Discharge      Conj/Air       ######..     1%          3
d - Airstrike             Air            ######....   1%          4
e - Lightning Bolt        Conj/Air       ######....   1%          5
f - Conjure Ball Lightni  Conj/Air       ######....   6%          6

Your spell library contained the following spells:

 Spells                   Type           Power        Failure   Level
 Foxfire                  Conj/Fire      ####         1%          1
 Searing Ray              Conj           ######       1%          2
 Dazzling Flash           Conj/Hex       #####.       1%          3
 Hailstorm                Conj/Ice       #####...     4%          4
 Silence                  Hex/Air        ######....   6%          5
 Irradiate                Conj/Tmut      #####.....   11%         5
 Iron Shot                Conj/Erth      #####.....   50%         6
 Hydra Form               Tmut           ###.......   97%         6
 Statue Form              Tmut/Erth      ###......    97%         6
 Dragon Form              Tmut           ###.......   100%        7


Dungeon Overview and Level Annotations

Branches:
Dungeon (10/15)            Temple (1/1) D:5            Lair (6/6) D:10
 Shoals (0/4) Lair:4       Spider (0/4) Lair:4        Slime (0/5) Lair:6
    Orc: D:9-12

Altars:
Ashenzari
Cheibriados
Dithmenos
Elyvilon
Fedhas
Gozag
Hepliaklqana
Kikubaaqudgha
Makhleb
Nemelex Xobeh
Okawaru
Qazlal
Ru
Sif Muna
Trog
Uskayaw
Vehumet
Wu Jian
Xom
Yredelemnul
Zin
The Shining One

Shops:
D:5 !==?

Annotations:
D:4 2 runed translucent doors, JolietJake's ghost, amateur GnWn


Innate Abilities, Weirdness & Mutations

You have sharp fingernails.
Your mind is very acute. (Int +4)
Your muscles are strong. (Str +2)
You rapidly evolve.
You expend magic power (3 MP) to strengthen your wands.


Message History

The hell hound is severely wounded.
You block the hell hound's attack.
Casting: Airstrike (safe; 1% risk of failure)
Confirm with . or Enter, or press ? or * to list all spells.
Aiming: Airstrike (safe; 1% risk of failure)
Press: ? - help, Dir - move target, f/p - hell hound
Aim: a hell hound (severely wounded, catching its breath)
The air twists around and strikes the hell hound!
You kill the hell hound!
Sif Muna accepts your kill.
Unknown command.
You feel sluggish.
The hell beast croaks, "Accept thy failure, thou tasty lunch!"
The hell beast bites you!
* * * LOW HITPOINT WARNING * * *
The hell beast barely misses you. The hell beast bites you!
* * * LOW HITPOINT WARNING * * *
The hell beast tramples you!
You die...

.....♣.♣♣♣....♣♣..♣♣......♣♣....#
..♣♣♣♣♣♣ ♣♣..♣♣♣♣♣♣♣.♣...♣♣♣♣♣...
.♣♣ ♣♣♣♣ ♣♣♣♣♣♣♣♣ ♣♣♣. ♣.♣ ♣♣.♣♣
♣♣ ♣.♣ ♣...♣♣ ..♣♣ ♣.†).♣♣♣ ...♣♣
♣♣♣..♣♣..♣♣♣ ♣...♣♣♣
♣♣...♣♣♣♣♣4.♣♣♣ ♣♣.♣..♣♣♣♣
♣♣♣♣.@2♣♣ ♣♣♣h.♣♣
♣..♣♣♣...♣♣♣....♣♣♣ ♣♣..♣♣ ..♣♣
♣♣.......♣♣♣ ♣....♣ .♣♣ ♣♣.♣♣.♣♣♣
######''#### ♣♣♣
♣♣♣♣♣+#########.....4..... ..♣♣
*#........#...8....8.. ♣..♣
#..8.8..2h4.......... ♣♣.♣♣
#...#.8..############ ♣..♣♣
#..#.8...#,....h,,≈≈≈


You could see a hell beast.

Vanquished Creatures
  Josephine (Lair:4)
  5 hydras
  Harold (D:8)
  Erica (Lair:2)
  A centaur warrior (D:10)
  3 two-headed ogres
  An unseen horror (D:10)
  2 wizards
  Pikel (D:8)
  An ugly thing (D:10)
  2 wolf spiders (Lair:4)
  13 elephants
  3 torpor snails
  2 black mambas
  Maggie (D:7)
  Joseph (D:7)
  13 cane toads
  3 orange demons (Lair:6)
  9 rime drakes
  8 komodo dragons
  A polar bear (Lair:4)
  A red devil (Lair:6)
  A jumping spider (Lair:4)
  A troll (D:9)
  A hornet (Lair:2)
  Prince Ribbit (D:7)
  9 dream sheep
  4 wraiths (Lair:4)
  Sigmund (D:3)
  41 yaks
  A redback (Lair:4)
  5 wyverns
  6 spriggans (Lair:2)
  5 basilisks
  A vampire mosquito (D:10)
  5 hell hounds (Lair:6)
  14 water moccasins
  Duvessa (D:7)
  4 black bears
  2 ice beasts
  5 sky beasts
  2 necrophages
  3 phantoms
  9 centaurs
  4 ogres
  12 wolves
  Blork the orc (D:6)
  A big kobold (D:8)
  16 bullfrogs
  3 scorpions
  Dowan (D:7)
  5 wights (D:9)
  4 howler monkeys
  3 centaur zombies
  2 bullfrog zombies (D:6)
  A quasit (D:8)
  4 orc priests
  6 bullfrog skeletons
  4 hounds
  2 iguanas
  4 jellies
  11 orc wizards
  A centaur skeleton (D:7)
  5 hell rats (Lair:5)
  9 worker ants
  A killer bee zombie (D:10)
  A hound zombie (D:10)
  2 hound skeletons
  A worker ant zombie (D:10)
  6 adders
  3 gnolls (D:2)
  A shadow imp (D:10)
  A white imp (D:6)
  2 ufetubi
  An ooze (D:5)
  3 worms
  4 dart slugs
  4 leopard geckos
  37 orcs
  7 giant cockroaches
  10 goblins
  6 hobgoblins
  6 jackals
  9 kobolds
  4 quokkas
  A ball python (D:1)
  6 bats
  7 frilled lizards
  A jackal skeleton (D:5)
  A leopard gecko skeleton (D:4)
  A quokka skeleton (D:9)
  7 rats
428 creatures vanquished.

Vanquished Creatures (others)
  10 ball lightnings (Lair:6)
  43 fungi
  50 plants
103 creatures vanquished.

Grand Total: 531 creatures vanquished

Notes
Turn   | Place    | Note
-------+----------+-------------------------------------------
     0 | D:1      | jiml777 the Deep Elf Air Elementalist began the quest for
                  | the Orb.
     0 | D:1      | Reached XP level 1. HP: 10/10 MP: 6/6
   260 | D:1      | Reached XP level 2. HP: 15/15 MP: 6/8
   809 | D:1      | Learned a level 2 spell: Swiftness
   970 | D:2      | Reached XP level 3. HP: 19/19 MP: 6/9
  1023 | D:2      | Noticed an ogre
  1045 | D:2      | Killed an ogre
  1046 | D:2      | Reached skill level 4 in Spellcasting
  1046 | D:2      | Reached XP level 4. HP: 24/24 MP: 0/12
  1159 | D:2      | Learned a level 3 spell: Static Discharge
  1164 | D:2      | Learned a level 4 spell: Airstrike
  1265 | D:2      | Reached XP level 5. HP: 22/28 MP: 8/13
  1745 | D:2      | Found a sacrificial altar of Ru.
  2176 | D:2      | Found a faded altar of an unknown god.
  2176 | D:2      | Found a basalt altar of Yredelemnul.
  2181 | D:2      | Found a broken altar of Ashenzari.
  2183 | D:2      | Found a faded altar of an unknown god.
  2184 | D:2      | Found a burning altar of Makhleb.
  2674 | D:3      | Found a hazy altar of Hepliaklqana.
  2675 | D:3      | Upgraded the game from 0.26-a0-964-g69f9a3b9e2 to
                  | 0.26-a0-966-gd078a86f14
  2678 | D:3      | Noticed Sigmund
  2692 | D:3      | Reached skill level 5 in Spellcasting
  2694 | D:3      | Reached XP level 6. HP: 32/32 MP: 0/15
  2694 | D:3      | Gained mutation: You expend magic power (3 MP) to
                  | strengthen your wands. [potion of mutation]
  2694 | D:3      | Gained mutation: Your mind is acute. (Int +2) [potion of
                  | mutation]
  2694 | D:3      | Gained mutation: You evolve. [potion of mutation]
  2702 | D:3      | Killed Sigmund
  2703 | D:3      | Reached skill level 5 in Air Magic
  3434 | D:3      | Reached skill level 6 in Spellcasting
  3732 | D:4      | Reached XP level 7. HP: 36/36 MP: 4/18
  4362 | D:4      | Found a runed translucent door.
  4362 | D:4      | Noticed JolietJake's ghost (amateur GnWn)
  4387 | D:4      | Reached skill level 7 in Spellcasting
  4556 | D:4      | Found a runed translucent door.
  5481 | D:5      | Entered Level 5 of the Dungeon
  5638 | D:5      | Reached XP level 8. HP: 41/41 MP: 12/21
  5640 | D:5      | Got a twisted ring mail
  5650 | D:5      | Identified the cursed +1 ring mail of the Barber Surgeon
                  | {rPois Str+3 Int+3} (You found it on level 5 of the
                  | Dungeon)
  5711 | D:5      | Found a stormy altar of Qazlal.
  5797 | D:5      | Found a staircase to the Ecumenical Temple.
  5801 | D:5      | Reached skill level 1 in Armour
  5872 | D:5      | Got a bloodstained hand axe
  5872 | D:5      | Identified the +2 hand axe of Torakhen {venom, +Rage rElec
                  | Dex-3 Stlth+} (You found it on level 5 of the Dungeon)
  5879 | Temple   | Entered the Ecumenical Temple
  5951 | Temple   | Became a worshipper of Sif Muna the Loreminder
  6073 | D:5      | Found Dytad's Jewellery Emporium.
  6077 | D:5      | Found Ridur's Jewellery Emporium.
  6078 | D:5      | Found Osaafax's Magic Scroll Emporium.
  6078 | D:5      | Found Yttuzek's Distillery.
  6093 | D:5      | Bought a scroll of amnesia for 52 gold pieces
  6093 | D:5      | Bought a scroll of noise for 15 gold pieces
  6093 | D:5      | Bought a scroll of magic mapping for 52 gold pieces
  6113 | D:5      | Found a bloodstained altar of Trog.
  6327 | D:5      | Gained mutation: Your muscles are strong. (Str +2)
                  | [evolution]
  6570 | D:6      | Noticed Blork the orc
  6573 | D:6      | Killed Blork the orc
  6630 | D:6      | Learned a level 5 spell: Lightning Bolt
  7655 | D:7      | Reached skill level 5 in Armour
  7921 | D:7      | Noticed Prince Ribbit
  7945 | D:7      | Reached XP level 9. HP: 45/45 MP: 1/22
  8057 | D:7      | Killed Prince Ribbit
  8057 | D:7      | Reached * piety under Sif Muna
  8130 | D:7      | Noticed Joseph
  8136 | D:7      | Killed Joseph
  8495 | D:7      | Noticed Maggie
  8504 | D:7      | Killed Maggie
  8783 | D:7      | Noticed Dowan
  8785 | D:7      | Killed Dowan
  8785 | D:7      | Noticed Duvessa
  8790 | D:7      | Killed Duvessa
  9076 | D:7      | Found a hazy altar of Hepliaklqana.
  9118 | D:8      | Found a sparkling altar of Nemelex Xobeh.
  9233 | D:8      | Noticed Pikel
  9238 | D:8      | Killed Pikel
  9239 | D:8      | Reached XP level 10. HP: 50/50 MP: 2/23
  9748 | D:8      | Reached skill level 8 in Spellcasting
  9873 | D:8      | Reached ** piety under Sif Muna
  9934 | D:8      | Found a glowing silver altar of Zin.
  9980 | D:8      | Noticed Harold
  9989 | D:8      | Killed Harold
  9990 | D:8      | Reached skill level 1 in Invocations
  9990 | D:8      | Reached skill level 1 in Evocations
 10464 | D:8      | Noticed a two-headed ogre
 10469 | D:8      | Killed a two-headed ogre
 10470 | D:8      | Reached skill level 9 in Spellcasting
 10470 | D:8      | Reached skill level 5 in Conjurations
 10961 | D:9      | Noticed a two-headed ogre
 10967 | D:9      | Killed a two-headed ogre
 11098 | D:9      | Found a white marble altar of Elyvilon.
 11348 | D:9      | Gained mutation: Your mind is very acute. (Int +4)
                  | [evolution]
 11369 | D:9      | Found a snail-covered altar of Cheibriados.
 12233 | D:10     | Entered Level 10 of the Dungeon
 12302 | D:10     | Reached skill level 10 in Spellcasting
 12575 | D:10     | Reached *** piety under Sif Muna
 12712 | D:10     | Found a staircase to the Lair.
 12795 | D:10     | Reached XP level 11. HP: 54/54 MP: 18/27
 12944 | D:10     | Killed an unseen horror
 13274 | D:10     | Noticed a five-headed hydra
 13287 | D:10     | Noticed a centaur warrior
 13287 | D:10     | Noticed a brown ugly thing
 13346 | D:10     | Noticed a two-headed ogre
 13350 | D:10     | Killed a two-headed ogre
 13502 | D:10     | Noticed a wizard
 13506 | D:10     | Killed a wizard
 13691 | D:10     | Killed a brown ugly thing
 13776 | D:10     | Reached skill level 11 in Spellcasting
 13835 | D:10     | Killed a centaur warrior
 13990 | D:10     | Killed a five-headed hydra
 14148 | D:10     | Got a pitted ring mail
 14158 | D:10     | Identified the +1 ring mail of an ossuary {rC+ Regen+ SInv}
                  | (You found it on level 10 of the Dungeon)
 14570 | Lair:1   | Entered Level 1 of the Lair of Beasts
 14598 | Lair:1   | Reached skill level 1 in Shields
 15250 | Lair:1   | Got a bloodstained ring mail
 15260 | Lair:1   | Identified the +4 ring mail "Ozxuxzu" {Int+2} (You found it
                  | on level 1 of the Lair of Beasts)
 15962 | Lair:2   | Reached **** piety under Sif Muna
 16072 | Lair:2   | Reached skill level 5 in Shields
 16072 | Lair:2   | Reached XP level 12. HP: 59/59 MP: 5/29
 17224 | Lair:2   | Noticed Erica
 17229 | Lair:2   | Killed Erica
 17306 | Lair:2   | Gained mutation: You have sharp fingernails. [evolution]
 18449 | Lair:3   | Reached skill level 5 in Evocations
 18453 | Lair:3   | Reached skill level 5 in Invocations
 18575 | Lair:3   | Found a glowing silver altar of Zin.
 19455 | D:5      | Bought an uncursed ring of wizardry for 360 gold pieces
 20027 | Lair:4   | Reached skill level 12 in Spellcasting
 20302 | Lair:4   | Found a staircase to the Shoals.
 20610 | Lair:4   | Reached skill level 10 in Air Magic
 20748 | Lair:4   | Found a hole to the Spider Nest.
 20909 | Lair:4   | Noticed Josephine
 20925 | Lair:4   | Reached XP level 13. HP: 55/63 MP: 18/31
 20942 | Lair:4   | Killed Josephine
 21312 | Lair:5   | Gained mutation: You rapidly evolve. [evolution]
 21575 | Lair:5   | Reached skill level 13 in Spellcasting
 22248 | Lair:6   | Entered Level 6 of the Lair of Beasts
 23807 | Lair:5   | Reached skill level 14 in Spellcasting
 24076 | Lair:6   | Reached ***** piety under Sif Muna
 24325 | Lair:6   | Found a staircase to the Slime Pits.
 24575 | Lair:6   | Reached XP level 14. HP: 59/68 MP: 25/34
 24618 | Lair:6   | Identified Sif Muna's Tome of Enthralling Attacks (Sif Muna
                  | gifted it to you on level 6 of the Lair of Beasts)
 24618 | Lair:6   | Received a gift from Sif Muna
 24627 | Lair:6   | Learned a level 6 spell: Conjure Ball Lightning
 24740 | Lair:6   | Found a burning altar of Makhleb.
 24789 | Lair:6   | HP: 3/68 [hell beast (11)]
 24789 | Lair:6   | Mangled by a hell beast

Illustrated notes

Levels and vault maps discovered:
D:1:      enne_arrival_octagon_isle, layout_rooms
D:2:      layout_basic, nicolae_overflow_hidden_temple,
          chequers_temple_overflow_minitemple, minmay_fountain_box
D:3:      layout_loops_corners, overflow_temple_1_default, uniq_sigmund
D:4:      layout_loops_ring, ebering_ghost_sewer_f
D:5:      layout_rooms, bloody_trog, grunt_qazlal_sundering, temple_fountains,
          minmay_shop_grid_forest, minmay_misc_feat_secret_circle
D:6:      layout_basic, uniq_blork_the_orc
D:7:      layout_rooms, basic_altar, uniq_joseph, uniq_duvessa, uniq_maggie,
          uniq_prince_ribbit1
D:8:      layout_loops_corners, lemuel_crystal_altar, kennysheep_mini_moat,
          uniq_harold, uniq_pikel
D:9:      layout_roguey, lemuel_crystal_altar, basic_altar
D:10:     layout_roguey, lair_entry_dummy, eino_curves_01,
          minmay_fractal_squares_gapless_7
Temple:   minmay_temple_bridge_abc
Lair:1:   layout_gridlike, st_stairs_7, infiniplex_staircase_pool
Lair:2:   layout_loops_ring, wad_woods_01, uniq_erica
Lair:3:   layout_cave_pods, basic_altar, serial_rivers,
          chequers_serial_rivers_room_a, chequers_serial_rivers_room_a,
          chequers_serial_rivers_small_a, chequers_serial_rivers_micro_a,
          minivault_11
Lair:4:   layout_misc_corridors, minmay_shoals_entry_centaurs,
          spider_nest_entry_funnel_web, uniq_josephine
Lair:5:   layout_hall_layers
Lair:6:   evil_forest, layout_loops_ring, dpeg_slime_entry_corner,
          grunt_megastairs_5

Skill      XL: |  1  2  3  4  5  6  7  8  9 10 11 12 13 |
---------------+----------------------------------------+-----
Conjurations   | 2 3 4 5 6 7 8 |  8.8
Spellcasting   | 4 5 6 7 10 11 12 14 | 14.4
Air Magic      | 4 5 6 8 9 10 11 | 11.4
Stealth        | 3 |  3.4
Dodging        | 3 |  3.0
Armour         | 5 9 |  9.2
Invocations    | 3 4 5 7 |  7.5
Evocations     | 3 4 5 7 |  7.7
Shields        | 5 8 |  8.0
Fighting       | |  0.1
Short Blades   | |  0.1

Action                   |  1- 3 |  4- 6 |  7- 9 | 10-12 | 13-15 || total
-------------------------+-------+-------+-------+-------+-------++-------
Melee: Dagger            |       |       |    17 |       |       ||    17
       Hand axe          |       |       |       |    30 |     1 ||    31
 Cast: Shock             |    53 |   111 |    25 |    35 |    16 ||   240
       Swiftness         |     1 |       |       |     1 |     2 ||     4
       Airstrike         |       |     8 |   132 |   283 |   113 ||   536
       Lightning Bolt    |       |       |       |    45 |    63 ||   108
       Conjure Ball Ligh |       |       |       |       |     4 ||     4
Invok: Channel Magic     |       |       |       |     6 |    14 ||    20
  Use: Scroll            |       |     8 |     6 |    10 |     3 ||    27
       Potion            |       |     6 |     4 |     2 |     3 ||    15
Armor: Robe              |     2 |     6 |    10 |       |       ||    18
       Ring mail         |       |       |     1 |    38 |    58 ||    97
Dodge: Dodged            |     8 |    24 |    20 |    74 |    61 ||   187
Block: Buckler           |       |       |       |    23 |    44 ||    67

Table legend: (Time is in decaauts)
 A = Elapsed time spent in this place.
 B = Non-inter-level travel time spent in this place.
 C = Inter-level travel time spent in this place.
 D = Time resting spent in this place.
 E = Time spent auto-exploring this place.
 F = Levels seen in this place.
 G = Mean time per level.
                   A        B        C        D        E       F      G
               +--------+--------+--------+--------+--------+-----+--------+
         Total |  24796 |  23824 |    972 |  11199 |   8991 |  17 | 1458.6 |
       Dungeon |  14793 |  14051 |    742 |   6219 |   5690 |  10 | 1479.3 |
        Temple |    265 |    233 |     32 |      0 |    208 |   1 |  265.0 |
          Lair |   9737 |   9540 |    197 |   4980 |   3093 |   6 | 1622.8 |
               +--------+--------+--------+--------+--------+-----+--------+

Top non-repeatable levels by time:
    D:10: 2393 daAuts
  Lair:5: 2156 daAuts
  Lair:2: 2002 daAuts
     D:8: 1913 daAuts
     D:4: 1618 daAuts
     D:7: 1556 daAuts
  Lair:3: 1529 daAuts
     D:2: 1513 daAuts
  Lair:6: 1444 daAuts
     D:3: 1392 daAuts
  Lair:4: 1319 daAuts
  Lair:1: 1285 daAuts
     D:6: 1254 daAuts
     D:9: 1137 daAuts
     D:5: 1086 daAuts
